 Dungeon Crawl Stone Soup version 0.20-a0-464-g526fb3c (webtiles) character file.

848 kuniqs the Skirmisher (level 8, -1/62 HPs)
             Began as a Barachian Fighter on Jan 11, 2017.
             Was an Initiate of Cheibriados.
             Succumbed to an orc wizard's poison
             ... on level 4 of the Dungeon.
             The game lasted 00:08:16 (4272 turns).

kuniqs the Skirmisher (Barachian Fighter)           Turns: 4272, Time: 00:08:17

Health: -1/62      AC:  9    Str: 17    XL:     8   Next: 1%
Magic:  8/8        EV: 11    Int:  8    God:    Cheibriados [......]
Gold:   144        SH:  9    Dex: 11    Spells: 7/7 levels left

rFire  . . .     SeeInvis .     p - +2 dagger (drain)
rCold  . . .     Gourm    .     b - +0 troll leather armour
rNeg   . . .     Faith    .     c - +0 shield
rPois  .         Spirit   .     u - +1 helmet
rElec  .         Reflect  .     t - +1 cloak
rCorr  +         Harm     .     (no gloves)
MR     .....                    (no boots)
Stlth  ++........               (no amulet)
                                z - ring of stealth
                                m - ring of resist corrosion

@: lethally poisoned (-1 -> -55), very slow
A: swims, slowness 1, strong legs 1
a: Hop, Bend Time, Renounce Religion


You were on level 4 of the Dungeon.
You worshipped Cheibriados.
Cheibriados was noncommittal.
You were not hungry.

You visited 2 branches of the dungeon, and saw 5 of its levels.

You collected 144 gold pieces.

Inventory:

Hand Weapons
 a - a +0 long sword
 p - a +2 dagger of draining (weapon)
Missiles
 x - a throwing net (quivered)
 B - 3 tomahawks
Armour
 b - a +0 troll leather armour (worn)
 c - a +0 shield (worn)
 t - a +1 cloak (worn)
 u - a +1 helmet (worn)
 C - a +0 plate armour
Jewellery
 m - a ring of resist corrosion (left hand)
 z - a ring of stealth (right hand)
Wands
 v - a wand of paralysis (21/24)
 w - a wand of flame (7/48)
Scrolls
 j - a scroll of noise {unknown}
 k - 3 scrolls of identify {unknown}
 n - 2 scrolls of amnesia {unknown}
 o - a scroll of random uselessness {unknown}
 q - a scroll of enchant armour {unknown}
 r - 3 scrolls of remove curse {unknown}
 s - 4 scrolls of teleportation {unknown}
 y - a scroll of recharging {unknown}
Potions
 h - 3 potions of cure mutation
Comestibles
 d - 5 bread rations
 e - a meat ration
 f - a fruit
 g - 4 chunks of flesh


   Skills:
 + Level 5.1 Fighting
 + Level 4.3 Long Blades
 + Level 1.8 Throwing
 + Level 5.0 Armour
 + Level 3.9 Dodging
 + Level 4.9 Shields


You had 7 spell levels left.
You didn't know any spells.

Dungeon Overview and Level Annotations

Branches:
Dungeon (4/15)             Temple (1/1) D:4

Altars:
Ashenzari
Cheibriados
Elyvilon
Fedhas
Gozag
Kikubaaqudgha
Okawaru
Trog
Zin
The Shining One
Lugonu

Annotations:
D:2 exclusion: oklob plant


Innate Abilities, Weirdness & Mutations

You can swim through water.
You cover ground slowly.
You can hop short distances.


Message History

* * * LOW HITPOINT WARNING * * *
You feel very sick. Something hits you.
* * * LOW HITPOINT WARNING * * *
You bump into the rock wall.
* * * LOW HITPOINT WARNING * * *
You feel very sick. Something hits you.
* * * LOW HITPOINT WARNING * * *
You are more poisoned.
You miss something.
You feel less confused.
* * * LOW HITPOINT WARNING * * *
You feel very sick. Something hits you.
* * * LOW HITPOINT WARNING * * *
You are more poisoned.
Okay, then.
You hit something.
You die...

#...# #.# #..# #...####.#
#(# #..# #........# #.# #..#
# #.#†###### #.# #..#
###.#.########.####..#
....#..........#.....#
###############.....{#####.#
# #.{####......# # #.@#
#.###### # #..# #.# # #..#
#o# # #..# #o# # #..# #o# #
#..# #.. ########## #... ...
.......... .(.# ..........
....


There were no monsters in sight!

Vanquished Creatures
  A troll (D:4)
  The ghost of esc the Grave Robber, an amateur HONe of Beogh (D:3)
  A black bear (D:4)
  A bullfrog (D:4)
  A bullfrog skeleton (D:4)
  An orc priest (D:3)
  Terence (D:2)
  An iguana (D:4)
  A worker ant (D:4)
  12 adders
  4 worms
  2 leopard geckos
  8 orcs
  5 giant cockroaches
  6 goblins
  9 hobgoblins
  6 jackals (D:1)
  8 kobolds
  6 bats
  3 frilled lizards
  10 rats
88 creatures vanquished.

Vanquished Creatures (others)
  A quokka (D:4)
  3 fungi (D:2)
  12 toadstools (D:2)
16 creatures vanquished.

Grand Total: 104 creatures vanquished

Notes
Turn   | Place    | Note
-------+----------+-------------------------------------------
     0 | D:1      | kuniqs the Barachian Fighter began the quest for the Orb.
     0 | D:1      | Reached XP level 1. HP: 18/18 MP: 1/1
    82 | D:1      | Reached XP level 2. HP: 18/24 MP: 2/2
   179 | D:1      | Reached skill level 1 in Dodging
   561 | D:1      | Reached XP level 3. HP: 22/30 MP: 3/3
  1195 | D:2      | Noticed Terence
  1207 | D:2      | Reached XP level 4. HP: 37/37 MP: 4/4
  1216 | D:2      | Killed Terence
  1278 | D:2      | Found a shattered altar of Ashenzari.
  1310 | D:2      | Found a blossoming altar of Fedhas.
  1408 | D:2      | Noticed an oklob plant
  1462 | D:2      | Reached XP level 5. HP: 42/42 MP: 5/5
  2024 | D:3      | Noticed esc's ghost (amateur HONe)
  2782 | D:3      | Killed esc's ghost
  2782 | D:3      | Reached XP level 6. HP: 26/49 MP: 6/6
  3086 | D:3      | Found an iron altar of Okawaru.
  3540 | D:4      | Found a white marble altar of Elyvilon.
  3557 | D:4      | Found a staircase to the Ecumenical Temple.
  3562 | Temple   | Entered the Ecumenical Temple
  3576 | Temple   | Became a worshipper of Cheibriados the Contemplative
  3686 | D:4      | Noticed a troll
  3723 | D:4      | Killed a troll
  3723 | D:4      | Reached skill level 1 in Throwing
  3723 | D:4      | Reached XP level 7. HP: 11/55 MP: 7/7
  4195 | D:4      | Reached skill level 5 in Fighting
  4206 | D:4      | Reached skill level 5 in Armour
  4206 | D:4      | Reached XP level 8. HP: 53/62 MP: 8/8
  4271 | D:4      | HP: 3/62 [something (2)]
  4272 | D:4      | Succumbed to an orc wizard's poison

Vault maps used:
D:1:      dpeg_arrival_orchard, kennysheep_another_room
D:2:      nicolae_ashenzari_panopticon, tgw_fedhas, first_bread, uniq_terence
D:3:      okawaru_ov_weapons_minmay, grunt_ministairs_4
D:4:      elyvilon_altar_4, overflow_temple_1_default
Temple:   corrupted_temple

Skill      XL: |  1  2  3  4  5  6  7 |
---------------+----------------------+-----
Dodging        | 1 2 3 |  3.9
Fighting       | 4 5 |  5.1
Long Blades    | 3 4 |  4.3
Shields        | 4 |  4.9
Armour         | 4 5 |  5.0
Throwing       | 1 |  1.8

Action                   |  1- 3 |  4- 6 |  7- 9 || total
-------------------------+-------+-------+-------++-------
Melee: Long sword        |    83 |    30 |       ||   113
       Dagger            |    48 |   186 |    83 ||   317
 Abil: Hop               |       |     2 |       ||     2
  Use: Potion            |       |     5 |       ||     5
  Eat: Chunk             |     1 |     4 |     2 ||     7
       Meat ration       |       |     1 |       ||     1
       Fruit             |       |     1 |       ||     1
Armor: Scale mail        |    62 |    68 |       ||   130
       Plate armour      |       |    39 |       ||    39
       Troll leather arm |       |       |    31 ||    31
Dodge: Dodged            |    34 |    80 |    26 ||   140
Block: Shield            |    54 |    88 |    31 ||   173
       Rpst.: Long sword |     4 |     6 |       ||    10
